 Dungeon Crawl Stone Soup version 0.30.0-5-g1a98f26d00 (webtiles) character file.

Game seed: 4563245699987472260

22029 backslashecho the Covert (level 12, 0/66 HPs)
             Began as a Deep Elf Artificer on May 11, 2023.
             Was a Believer of Vehumet.
             Slain by a komodo dragon (26 damage)
             ... on level 4 of the Lair of Beasts.
             The game lasted 01:20:57 (18477 turns).

backslashecho the Covert (Deep Elf Artificer)      Turns: 18477, Time: 01:20:58

Health: 0/66       AC: 13    Str:  9    XL:     12   Next: 59%
Magic:  28/28      EV: 20    Int: 22    God:    Vehumet [**....]
Gold:   2054       SH:  0    Dex: 27    Spells: 19/31 levels left

rFire   . . .        a - +4 quick blade (drain)
rCold   . . .        (no shield)
rNeg    . . .        N - +0 steam dragon scales
rPois   +            B - +0 helmet
rElec   +            v - +2 cloak {rPois}
rCorr   .            g - +1 pair of gloves
SInv    .            i - +0 pair of boots
Will    +....        P - amulet of faith
Stlth   ++++++       y - +6 ring of dexterity
HPRegen 0.31/turn    S - ring "Kidghi Coin" {Fly rElec rPois Dex+6}
MPRegen 0.21/turn

%: faith
@: flying
A: no striking features
a: Renounce Religion


You were on level 4 of the Lair of Beasts.
You worshipped Vehumet.
Vehumet was pleased with you.
You visited 3 branches of the dungeon, and saw 15 of its levels.

You collected 2151 gold pieces.
You spent 97 gold pieces at shops.

Inventory:

Hand Weapons
 a - a +4 quick blade of draining (weapon)
 b - a +0 dagger of venom
 w - the +7 hammer of Bopegurgh {pain, rF- Int+5 Dex+2 SInv}
   (You found it on level 2 of the Dungeon)

   Int:       It affects your intelligence (+5).
   Dex:       It affects your dexterity (+2).
   rF:        It makes you vulnerable to fire.
   SInv:      It lets you see invisible.
 E - the +10 whip of Yhoer {flame, Str+3}
   (You found it on level 5 of the Dungeon)

   Str:       It affects your strength (+3).
Missiles
 r - 32 poisoned darts
 K - 2 throwing nets
 O - 3 atropa-tipped darts (quivered)
 Q - 5 curare-tipped darts
Armour
 g - a +1 pair of gloves (worn)
 i - a +0 pair of boots (worn)
 v - a +2 cloak of poison resistance (worn)
 B - a +0 helmet (worn)
 G - a scarf of resistance
 N - +0 steam dragon scales (worn)
Jewellery
 s - a ring of fire
 x - a ring of ice
 y - a +6 ring of dexterity (left hand)
 I - a ring of resist corrosion
 P - an amulet of faith (around neck)
 S - the ring "Kidghi Coin" (right hand) {Fly rElec rPois Dex+6}
   (You found it on level 9 of the Dungeon)

   [ring of flight]

   Dex:       It affects your dexterity (+6).
   rElec:     It insulates you from electricity.
   rPois:     It protects you from poison.
   Fly:       It grants you flight.
Wands
 d - a wand of charming (14)
 e - a wand of iceblast (2)
 h - a wand of light (4)
 o - a wand of flame (50)
 q - a wand of digging (12)
 t - a wand of paralysis (10)
 J - a wand of mindburst (23)
Scrolls
 f - a scroll of magic mapping
 l - 3 scrolls of blinking
 m - 3 scrolls of butterflies
 H - a scroll of enchant armour
 L - 4 scrolls of teleportation
 M - 4 scrolls of poison
 V - 2 scrolls of enchant weapon {unknown}
Potions
 c - 3 potions of might
 j - a potion of cancellation
 k - 6 potions of curing
 n - 2 potions of heal wounds
 p - 2 potions of mutation
 u - a potion of ambrosia {unknown}
 z - a potion of lignification
 A - a potion of attraction
 C - a potion of resistance
 D - a potion of magic
 F - a potion of haste {unknown}
 R - a potion of berserk rage {unknown}
 T - a potion of invisibility {unknown}
 U - a potion of flight {unknown}


   Skills:
 - Level 4.0 Fighting
 * Level 9.3 Short Blades
 - Level 6.0 Throwing
 - Level 4.0 Armour
 - Level 8.0 Dodging
 - Level 13.0 Stealth
 - Level 10.0 Spellcasting
 - Level 8.2 Conjurations
 - Level 5.0 Hexes
 - Level 3.0 Translocations
 + Level 2.9 Earth Magic
 - Level 3.2 Evocations


You had 19 spell levels left.
You knew the following spells:

 Your Spells              Type           Power      Damage    Failure   Level
a - Magic Dart            Conj           100%       1d8       1%          1
b - Blink                 Tloc           48%        N/A       2%          2
c - Portal Projectile     Hex/Tloc       56%        N/A       3%          3
d - Confusing Touch       Hex            33%        N/A       2%          3
e - Tukima's Dance        Hex            33%        N/A       2%          3

Your spell library contained the following spells:

 Spells                   Type           Power      Damage    Failure   Level
 Slow                     Hex            100%       N/A       1%          1
 Inner Flame              Hex/Fire       22%        N/A       6%          3
 Leda's Liquefaction      Hex/Erth       14%        N/A       12%         4
 Manifold Assault         Tloc           24%        N/A       17%         4
 Passage of Golubria      Tloc           24%        N/A       17%         4
 Vampiric Draining        Necr           11%        2d6       19%         3
 Lee's Rapid Deconstruct  Erth           11%        3d8*      45%         5
 Yara's Violent Unravell  Hex/Tmut       11%        3d6       52%         5
 Blade Hands              Tmut           5%         N/A       86%         5
 Statue Form              Tmut/Erth      11%        N/A       99%         6
 Enfeeble                 Hex            16%        N/A       100%        7
 Storm Form               Tmut/Air       5%         N/A       100%        7


Dungeon Overview and Level Annotations

Branches:
Dungeon (10/15)            Temple (1/1) D:6            Lair (4/5) D:9
 Shoals (0/4) Lair:3       Spider (0/4) Lair:2          Orc (0/2) D:10
  Slime: Lair:4-5

Altars:
Ashenzari
Cheibriados
Dithmenos
Elyvilon
Fedhas
Gozag
Hepliaklqana
Kikubaaqudgha
Makhleb
Nemelex Xobeh
Okawaru
Qazlal
Ru
Sif Muna
Trog
Uskayaw
Vehumet
Wu Jian
Xom
Yredelemnul
Zin
The Shining One

Shops:
D:4 *   D:5 *   D:6 (

Annotations:
D:7 3 runed translucent doors, 2 exclusions, suduhmizer's ghost, novice SpDe
Lair:1 2 transporters


Message History

A wyvern is nearby!
A wyvern is nearby!
A komodo dragon comes into view.
Found 12 gold pieces.
Found 19 gold pieces.
The komodo dragon hisses angrily.
The wyvern hisses angrily.
The wyvern bites you!
You take 13 damage, and have 53/66 hp.
You completely miss the wyvern.
The wyvern bites you but does no damage.
The wyvern attacks as you move away! The wyvern misses you.
The wyvern bites you!
You take 9 damage, and have 45/66 hp.
You hit the wyvern but do no damage.
The wyvern is poisoned.
The wyvern bites you!
You take 6 damage, and have 39/66 hp.
The komodo dragon attacks as you move away!
The komodo dragon closely misses you.
You see here a +0 long sword.
The wyvern attacks as you move away! The wyvern completely misses you. x2
You hit the wyvern but do no damage.
The wyvern looks as sick as possible!
The wyvern is lightly wounded.
The wyvern closely misses you.
You hit the wyvern but do no damage.
The wyvern looks as sick as possible!
The wyvern is moderately wounded.
The wyvern completely misses you. The wyvern attacks as you move away!
The wyvern misses you.
The komodo dragon attacks as you move away!
The komodo dragon misses you. The wyvern attacks as you move away!
The wyvern barely misses you. The wyvern bites you!
You take 10 damage, and have 30/66 hp.
The wyvern misses you.
You hit the komodo dragon but do no damage.
The komodo dragon is poisoned.
The wyvern completely misses you.
You hit the komodo dragon but do no damage.
The komodo dragon looks as sick as possible!
The komodo dragon closely misses you.
Your +0 dagger of venom stops dripping with poison.
You sense an unholy aura.
a - a +4 quick blade of draining (weapon)
The wyvern hisses menacingly.
The wyvern barely misses you.
You hit the wyvern.
The wyvern is almost dead.
The wyvern bites you.
You take 6 damage, and have 26/66 hp.
You barely miss the komodo dragon.
The komodo dragon is lightly wounded.
The komodo dragon bites you!!
You die...

....# ##P........... #..##
#............$ #...###
#............. #.....#
#$............ ##....##
#............. #......# #####
#............ .......#
##.#.######.......... ......##
##......#.###...).....
.....#.###.#....@l##
##.....#.P
......#.####.....l.####..P#P#
......#.# #...........)...# #
........##P..............###
.....#.†....................#
>...##.#................#.....
.....#..†..............P.##...
#........................# ###
##..###..................#


You could see a komodo dragon (extremely poisoned) and a wyvern (very poisoned).

Vanquished Creatures
  A hydra (Lair:2)
  A catoblepas (Lair:4)
  A two-headed ogre (D:5)
  A boulder beetle (Lair:4)
  A fire crab (Lair:4)
  Pikel (D:6)
  An ugly thing (D:10)
  A wolf spider (Lair:2)
  Maurice (D:10)
  A black mamba (Lair:1)
  Joseph (D:10)
  6 cane toads
  A kobold demonologist (D:9)
  2 komodo dragons
  A rime drake (Lair:2)
  A troll (D:9)
  A merfolk (Lair:3)
  2 polar bears
  A blink frog (Lair:2)
  A culicivora (Lair:2)
  A jumping spider (Lair:2)
  A shadow (D:6)
  7 wyverns
  21 yaks
  3 basilisks
  4 steam dragons
  2 vampire mosquitoes (D:10)
  An acid dragon (D:6)
  9 water moccasins
  3 ice beasts
  5 orc warriors
  5 black bears
  A swamp drake (D:10)
  A sky beast (D:8)
  4 ogres
  18 wolves
  3 centaurs
  A phantom (D:4)
  2 lemures (D:6)
  Blork the orc (D:4)
  3 kobold brigands
  3 gnoll sergeants
  8 bullfrogs
  4 scorpions
  7 wights
  2 electric eels (Lair:3)
  3 hounds
  2 jellies
  A gnoll bouda (D:7)
  2 orc priests (D:10)
  Crazy Yiuf (D:2)
  A sleepcap (D:6)
  3 iguanas
  10 orc wizards
  Ijyb (D:4)
  19 gnolls
  15 adders
  4 white imps
  3 ufetubi
  A worm (D:2)
  2 dart slugs
  40 orcs
  6 endoplasms
  4 giant cockroaches
  12 goblins
  8 hobgoblins
  4 jackals
  16 kobolds
  8 quokkas
  7 ball pythons
  10 bats
  2 frilled lizards (D:2)
  7 rats
339 creatures vanquished.

Vanquished Creatures (collateral kills)
  2 wights
  A gnoll bouda (Lair:2)
  An orc priest (D:8)
  4 gnolls (D:7)
  2 orcs
10 creatures vanquished.

Vanquished Creatures (others)
  10 dancing weapons
10 creatures vanquished.

Grand Total: 359 creatures vanquished

Notes
Turn   | Place    | Note
-------+----------+-------------------------------------------
     0 | D:1      | backslashecho the Deep Elf Artificer began the quest for
                  | the Orb.
     0 | D:1      | Reached XP level 1. HP: 11/11 MP: 3/3
    32 | D:1      | Reached skill level 1 in Fighting
    32 | D:1      | Reached skill level 1 in Armour
    40 | D:1      | Reached XP level 2. HP: 8/16 MP: 3/5
    98 | D:1      | Reached skill level 1 in Spellcasting
   241 | D:1      | Reached skill level 2 in Stealth
   633 | D:1      | Reached XP level 3. HP: 20/20 MP: 7/7
  1292 | D:2      | Reached XP level 4. HP: 19/25 MP: 9/9
  1517 | D:2      | Found a runed translucent door.
  1518 | D:2      | Noticed Crazy Yiuf
  1592 | D:2      | Reached skill level 3 in Stealth
  2012 | D:2      | Killed Crazy Yiuf
  2017 | D:2      | Identified the +7 hammer of Bopegurgh {pain, rF- Int+5
                  | Dex+2 SInv}
  2240 | D:3      | Reached XP level 5. HP: 30/30 MP: 11/11
  2380 | D:3      | Found a faded altar of an unknown god.
  2400 | D:3      | You fall into a shaft and drop 2 floors!
  2400 | D:5      | Entered Level 5 of the Dungeon
  2937 | D:3      | Identified a scroll of acquirement
  3160 | D:4      | Noticed Blork the orc
  3226 | D:4      | Found a glowing golden altar of the Shining One.
  3248 | D:4      | Killed Blork the orc
  3249 | D:4      | Reached skill level 1 in Short Blades
  3249 | D:4      | Reached skill level 4 in Stealth
  3249 | D:4      | Reached XP level 6. HP: 33/36 MP: 12/12
  3426 | D:4      | Found Nungueti's Assorted Antiques.
  3438 | D:4      | Bought a scroll labelled FIUCWO HOICA for 25 gold pieces
  3438 | D:4      | Bought a scroll of identify for 50 gold pieces
  3438 | D:4      | Bought a fuming golden potion for 22 gold pieces
  3768 | D:5      | Noticed Ijyb
  3770 | D:5      | Noticed an ice beast
  3776 | D:4      | Killed Ijyb
  3785 | D:4      | Reached skill level 5 in Dodging
  3935 | D:5      | Reached XP level 7. HP: 24/40 MP: 13/13
  4172 | D:5      | Reached skill level 1 in Conjurations
  4311 | D:5      | Found a hazy altar of Hepliaklqana.
  4311 | D:5      | Found an iron altar of Okawaru.
  4541 | D:5      | Noticed a two-headed ogre
  4567 | D:5      | Killed a two-headed ogre
  4568 | D:5      | Reached skill level 5 in Short Blades
  4568 | D:5      | Reached XP level 8. HP: 46/46 MP: 14/14
  4877 | D:5      | Identified the +10 whip of Yhoer {flame, Str+3}
  5014 | D:5      | Found Exzineseon's Assorted Antiques.
  5424 | D:4      | Reached skill level 5 in Stealth
  5654 | D:6      | Found a staircase to the Ecumenical Temple.
  5661 | Temple   | Entered the Ecumenical Temple
  5856 | D:6      | Found Xeaxem's Weapon Shop.
  5908 | D:6      | Reached skill level 6 in Stealth
  5908 | D:6      | Reached XP level 9. HP: 39/52 MP: 15/15
  5972 | D:6      | Learned a level 3 spell: Tukima's Dance
  6069 | D:6      | Reached skill level 1 in Throwing
  6153 | D:6      | Learned a level 2 spell: Blink
  6430 | D:6      | Noticed Pikel
  6710 | D:5      | Reached skill level 1 in Translocations
  6972 | D:6      | Killed Pikel
  6973 | D:6      | Reached skill level 7 in Stealth
  7052 | D:6      | Reached skill level 8 in Stealth
  7299 | D:5      | Reached skill level 5 in Spellcasting
  7662 | D:7      | Reached skill level 9 in Stealth
  8219 | D:7      | Found a blossoming altar of Fedhas.
  8225 | D:7      | Reached XP level 10. HP: 56/56 MP: 19/19
  8709 | D:7      | Found a runed translucent gate.
  8711 | D:7      | Found a runed translucent gate.
  8713 | D:7      | Found a runed translucent gate.
  8713 | D:7      | Noticed a brown ugly thing
  8714 | D:7      | Noticed suduhmizer's ghost (novice SpDe)
  8966 | D:6      | Reached skill level 5 in Hexes
  9489 | D:8      | Reached skill level 10 in Stealth
  9740 | D:8      | Reached skill level 11 in Stealth
  9982 | D:8      | Learned a level 3 spell: Portal Projectile
 11527 | D:9      | Noticed a boulder beetle
 11527 | D:9      | Noticed a centaur warrior
 11529 | D:9      | Noticed a red ugly thing
 11572 | D:9      | Found a staircase to the Lair.
 11683 | D:9      | Identified the ring "Kidghi Coin" {Fly rElec rPois Dex+6}
 12009 | D:9      | Noticed a green ugly thing
 12156 | D:9      | Noticed a centaur warrior
 12174 | D:10     | Entered Level 10 of the Dungeon
 12193 | D:10     | Noticed Maurice
 12207 | D:10     | Killed Maurice
 12208 | D:10     | Reached skill level 12 in Stealth
 12311 | D:10     | Noticed a cyan ugly thing
 12632 | D:10     | Reached XP level 11. HP: 61/61 MP: 18/22
 12661 | D:10     | Found a staircase to the Orcish Mines.
 13167 | D:10     | Found a shimmering blue altar of Sif Muna.
 13208 | D:10     | Noticed Joseph
 13214 | D:10     | Killed Joseph
 13364 | D:10     | Identified the +3 flail "Socwoog Jir" {spect, Fly Dex+2}
 13610 | D:10     | Found an ancient bone altar of Kikubaaqudgha.
 13611 | D:10     | Found a radiant altar of Vehumet.
 13615 | D:10     | Became a worshipper of Vehumet
 13713 | D:10     | Killed a cyan ugly thing
 13894 | Lair:1   | Entered Level 1 of the Lair of Beasts
 13898 | Lair:1   | Found a transporter.
 13995 | D:9      | Reached skill level 13 in Stealth
 14396 | Lair:1   | Found a transporter.
 14400 | Lair:1   | Noticed a fire crab
 14400 | Lair:1   | Noticed a fire crab
 15007 | Lair:2   | Reached skill level 5 in Conjurations
 15427 | Lair:2   | Noticed a seven-headed hydra
 15634 | Lair:2   | Reached * piety under Vehumet
 15634 | Lair:2   | Offered knowledge of Kiss of Death by Vehumet.
 15899 | Lair:2   | Found a shadowy altar of Dithmenos.
 16379 | Lair:1   | Reached XP level 12. HP: 66/66 MP: 26/26
 16615 | Lair:2   | Acquired 1231 gold pieces
 16617 | Lair:2   | Acquired a +4 quick blade of draining
 16626 | Lair:2   | Learned a level 3 spell: Confusing Touch
 16657 | Lair:2   | Killed a seven-headed hydra
 16796 | Lair:2   | Found a hole to the Spider Nest.
 16819 | Lair:2   | Reached skill level 5 in Throwing
 16950 | Lair:2   | Offered knowledge of Magic Dart by Vehumet.
 16953 | Lair:2   | Learned a level 1 spell: Magic Dart
 17435 | Lair:3   | Reached ** piety under Vehumet
 17973 | Lair:3   | Found a staircase to the Shoals.
 18201 | Lair:4   | Noticed a boulder beetle
 18209 | Lair:4   | Killed a boulder beetle
 18210 | Lair:4   | Reached skill level 1 in Earth Magic
 18319 | Lair:4   | Noticed a catoblepas
 18326 | Lair:4   | Killed a catoblepas
 18433 | Lair:4   | Reached skill level 10 in Spellcasting
 18477 | Lair:4   | Slain by a komodo dragon

Illustrated notes

Levels and vault maps discovered:
D:1:      reono_arrival_mine, layout_loops_ring
D:2:      layout_rooms, serial_glass, glass_columns_a, glass_columns_b,
          glass_columns_c, glass_columns_a, glass_columns_a, glass_columns_c,
          uniq_crazy_yiuf_cottage
D:3:      layout_rooms, dreamdust_ecumenical_altar_statues
D:4:      layout_basic, tso_altar, serial_shops, kennysheep_little_box,
          kennysheep_generic_room_13, uniq_blork_the_orc
D:5:      layout_cave_pools, jmf_multi_god_temple, serial_shops, shop_statue,
          minmay_small_thing, uniq_ijyb
D:6:      layout_gridville, minmay_temple_entry_grid, serial_shops,
          nicolae_lakefront_shop, minmay_divided_ellipse, uniq_pikel
D:7:      layout_loops_ring, mainiacjoe_overflow_six_doors_small,
          gammafunk_ghost_split, dk_rats_in_the_wall
D:8:      layout_cave_pods, chequers_serial_rivers_large_a, minmay_starry_boxes
D:9:      layout_gridville, due_lair_maze_entry_diamond,
          chequers_serial_rivers_small_b, onia_ninara_dug_in_and_dangerous
D:10:     layout_irregular_city, gammafunk_temple_overflow_statue, tgw_sif,
          erik_orc_1, serial_ice, serial_ice_b, serial_ice_o, serial_ice_f,
          serial_ice_d, nicolae_concentric_dashed_squares_wild, uniq_joseph,
          uniq_maurice
Temple:   eino_wide_crystal_templ
Lair:1:   gammafunk_cloud_chamber, layout_concentric_octagons,
          grunt_megastairs_2
Lair:2:   layout_long_grid, spider_nest_entry_funnel_web, basic_altar,
          dreamdust_gnoll_shepherd, lemuel_fruit_tree
Lair:3:   layout_chaotic_city, elwin_shoals_entry_rooms
Lair:4:   layout_cave_pods

Skill      XL: |  1  2  3  4  5  6  7  8  9 10 11 12 |
---------------+-------------------------------------+-----
Fighting       | 1 2 3 4 |  4.0
Armour         | 1 3 4 |  4.0
Spellcasting   | 1 2 3 5 6 8 10 | 10.0
Stealth        | 2 3 4 6 9 12 13 | 13.0
Dodging        | 3 4 5 6 7 8 |  8.0
Short Blades   | 1 3 5 6 7 8 9 |  9.3
Conjurations   | 3 7 8 |  8.2
Throwing       | 2 4 6 |  6.0
Translocations | 3 |  3.0
Hexes          | 4 5 |  5.0
Earth Magic    | 2 |  2.9
Evocations     | |  3.2

Action                     |  1- 3 |  4- 6 |  7- 9 | 10-12 || total
---------------------------+-------+-------+-------+-------++-------
  Melee: Dagger            |   133 |   180 |   345 |   904 ||  1562
         Club              |     1 |       |       |       ||     1
         Punch             |       |     2 |     5 |    24 ||    31
         Quick blade       |       |       |       |    84 ||    84
   Fire: Sling             |    61 |    87 |    19 |       ||   167
  Throw: Dart              |       |     3 |    31 |    78 ||   112
   Cast: Tukima's Dance    |       |       |     6 |    31 ||    37
         Portal Projectile |       |       |       |     1 ||     1
         Blink             |       |       |       |     2 ||     2
  Evoke: Wand              |     9 |     8 |    10 |    20 ||    47
    Use: Scroll            |       |    15 |     1 |     6 ||    22
         Potion            |       |       |       |     3 ||     3
   Stab: Sleeping          |     2 |     4 |    10 |    34 ||    50
         Paralysed         |       |     2 |     7 |     6 ||    15
         Distracted        |       |       |     2 |     3 ||     5
         Confused          |       |       |       |     1 ||     1
         Invisible         |       |       |       |     1 ||     1
 Armour: Leather armour    |    51 |    66 |    76 |    13 ||   206
         Steam dragon scal |       |       |       |   175 ||   175
  Dodge: Dodged            |    99 |   116 |   192 |   751 ||  1158
